 Dungeon Crawl Stone Soup version 0.27-a0-1301-g128193abf8 (webtiles) character file.

Game seed: 5462257707656014109

11 flotson the Sneak (level 2, -5/24 HPs)
             Began as a Demonspawn Delver on June 18, 2021.
             Slain by a wyvern (10 damage)
             ... on level 4 of the Dungeon.
             The game lasted 00:01:02 (392 turns).

flotson the Sneak (Demonspawn Delver)                Turns: 392, Time: 00:01:02

Health: -5/24      AC:  3    Str: 12    XL:     2   Next: 17%
Magic:  2/2        EV: 12    Int: 11    God:
Gold:   6          SH:  0    Dex: 14    Spells: 1/1 levels left

rFire    . . .     SeeInvis .   a - +0 hand axe
rCold    . . .     Faith    .   (no shield)
rNeg     . . .     Spirit   .   b - +0 leather armour
rPois    .         Reflect  .   k - +0 hat
rElec    .         Harm     .   (no cloak)
rCorr    .         Rampage  .   (no gloves)
Will     .....                  (no boots)
Stlth    ++........             (no amulet)
HPRegen  0.08/turn              (no ring)
MPRegen  0.08/turn              (no ring)

@: hasted, very quick
A: horns 1
a: no special abilities


You were on level 4 of the Dungeon.
You visited 1 branch of the dungeon, and saw 2 of its levels.

You collected 6 gold pieces.

Inventory:

Hand Weapons
 a - a +0 hand axe (weapon)
Armour
 b - a +0 leather armour (worn)
 k - a +0 hat (worn)
Wands
 g - a wand of digging (3)
Scrolls
 c - a scroll of fog
 h - a scroll of teleportation {unknown}
 i - 3 scrolls of identify {unknown}
 j - a scroll of silence {unknown}
Potions
 e - a potion of might {unknown}


   Skills:
 + Level 3.1 Fighting
 + Level 2.0 Axes
 + Level 0.5 Armour
 + Level 2.0 Dodging
 - Level 4.5 Stealth


You had one spell level left.
You didn't know any spells.
Your spell library was empty.

Dungeon Overview and Level Annotations

Branches:
Dungeon (5/15)             Temple (0/1) D:4

Altars:


Innate Abilities, Weirdness & Mutations

You have a pair of small horns on your head.


Message History

Found 15 gold pieces.
Really walk onto that pressure plate?
You step on to a pressure plate.
Suddenly a wall slides open! 12 rats and 3 river rats come into view.
A rat and a river rat come into view.
The rat twitches its whiskers.
You see here 15 gold pieces.
The phantom misses you.
Found a stone staircase leading down.
A wyvern comes into view.
The wyvern hisses angrily.
You hear a shout!
As you read the scroll of fear, it crumbles to dust.
You assume a fearsome visage.
The rat looks frightened!
The river rat looks frightened!
The wyvern looks frightened!
The phantom is unaffected.
A hobgoblin comes into view.
The phantom hits you.
The phantom blinks!
You blink.
A dart slug comes into view.
The hobgoblin closely misses you.
There is a stone staircase leading down here.
The hobgoblin closely misses you.
The hobgoblin hits you but does no damage.
The wyvern misses you. The wyvern completely misses you.
The wyvern barely misses you.
The wyvern seems to regain its courage.
The wyvern barely misses you.
Found a fuming golden potion.
The wyvern bites you! The wyvern bites you.
You see here a fuming golden potion.
You feel yourself speed up.
The wyvern bites you but does no damage.
e - a fuming golden potion The wyvern bites you!
* * * LOW HITPOINT WARNING * * *
The wyvern closely misses you.
A gnoll comes into view. It is wielding a +0 spear.
As you read the scroll of magic mapping, it crumbles to dust.
You feel aware of your surroundings. The wyvern bites you!
You die...

#..#####
*,**,*,<******,***
#..# *,**,.#,**
***,*** #..#
*,,,,.,,,***,,,,,,
#..#
***,.#,,*,**,***,*
.>.###########
*,*.#,,,,,,,* *,*
.....r.gW..W.#
**..##,,,,,,***,*
.#.#########.#
*#...##.***,,,,,*
...w*
#g####......#*
*,***** ###.#
#.W.l@......#
*,,,,,* ,,,.#
######.....##
*,***,* ,*,##
*#...## *,* *,*
,*,** *#.## *,***,*
,,,,* *,..# *,,,,,,
*,,,*
***,,.#******,,*,*
*,,,***
*,,,,,g,,,,,,,**,*
*,***,**
*,,,,,..,,*,,,,^,,
,,,*,,,**
**,,,,,,,*,********


You could see a phantom, a wyvern, a gnoll (asleep) and a hobgoblin.

Vanquished Creatures
  An adder (D:5)
  A dart slug (D:5)
2 creatures vanquished.

Notes
Turn   | Place    | Note
-------+----------+-------------------------------------------
     0 | D:5      | flotson the Demonspawn Delver began the quest for the Orb.
     0 | D:5      | Reached XP level 1. HP: 18/18 MP: 1/1
    84 | D:5      | Gained mutation: You have a pair of small horns on your
                  | head. [demonic ancestry]
    84 | D:5      | Reached XP level 2. HP: 14/24 MP: 2/2
   308 | D:5      | Noticed an ice beast
   312 | D:4      | Noticed a phantom
   314 | D:4      | Found a staircase to the Ecumenical Temple.
   335 | D:4      | Noticed a kobold brigand
   369 | D:4      | Noticed a wyvern
   392 | D:4      | Slain by a wyvern

Illustrated notes

Levels and vault maps discovered:
D:4:      layout_loops_ring, minmay_temple_entry_proselytizer,
          minmay_misc_feat_cross, dk_rats_in_the_wall, uniq_robin
D:5:      layout_basic, grunt_temple_overflow_cloverleaf, kennysheep_boxes,
          uniq_sigmund

Skill      XL: |  1 |
---------------+----+-----
Axes           | 2 |  2.0
Dodging        | 2 |  2.0
Fighting       | |  3.1
Armour         | |  0.5
Stealth        | |  4.5

Action                   || total
-------------------------++-------
Melee: Hand axe          ||    13
  Use: Scroll            ||     2
       Potion            ||     1
Armor: Leather armour    ||     5
Dodge: Dodged            ||    15

Table legend: (Time is in decaauts)
 A = Elapsed time spent in this place.
 B = Non-inter-level travel time spent in this place.
 C = Inter-level travel time spent in this place.
 D = Time resting spent in this place.
 E = Time spent auto-exploring this place.
 F = Levels seen in this place.
 G = Mean time per level.
                   A        B        C        D        E       F      G
               +--------+--------+--------+--------+--------+-----+--------+
         Total |    393 |    393 |      0 |    188 |     83 |   2 |  196.5 |
       Dungeon |    393 |    393 |      0 |    188 |     83 |   2 |  196.5 |
               +--------+--------+--------+--------+--------+-----+--------+

Top non-repeatable levels by time:
     D:5: 314 daAuts
     D:4: 78 daAuts
